 Dungeon Crawl Stone Soup version 0.23.1-37-gaa34b87 (webtiles) character file.

Game seed: 581489486116197279

8015 Kwakduk the Cleaver (level 11, -2/106 HPs)
             Began as a Troll Warper on Mar 25, 2019.
             Was a Plaything of Xom.
             Succumbed to a ghost moth's poison
             ... on level 9 of the Dungeon.
             The game lasted 00:26:08 (8205 turns).

Kwakduk the Cleaver (Troll Warper)                  Turns: 8205, Time: 00:26:09

Health: -2/106     AC:  8    Str: 24      XL:     11   Next: 4%
Magic:  0/14       EV:  8    Int: 13      God:    Xom [.*....]
Gold:   492        SH:  9    Dex: 13 (15) Spells: 9/16 levels left

rFire    . . .     SeeInvis .   E - +10 war axe "Icratar" {vamp, rN+ Int+4 Dex+4}
rCold    . . .     Gourm    +   M - +0 shield
rNeg     + . .     Faith    .   a - +0 robe
rPois    .         Spirit   .   (helmet restricted)
rElec    .         Reflect  .   G - +1 cloak
rCorr    +         Harm     .   (gloves unavailable)
MR       +....                  (boots unavailable)
Stlth    ..........             (no amulet)
HPRegen  1.07/turn              O - ring of resist corrosion
MPRegen  0.14/turn              F - ring of attention (curse)

@: lethally poisoned (-2 -> -79), very slightly contaminated
A: large, unfitting armour, claws 3, hooves 1, agile 1, blink, fast metabolism
3, gourmand, magic resistance 1, regeneration 2, robust 1, shaggy fur 1, tough
skin 3
a: Blink, Renounce Religion


You were on level 9 of the Dungeon.
You worshipped Xom.
You were a plaything of Xom.
You were completely stuffed.

You visited 2 branches of the dungeon, and saw 10 of its levels.

You collected 492 gold pieces.

Inventory:

Hand Weapons
 u - a +0 blowgun
 w - a +2 short sword of venom
 E - the +10 war axe "Icratar" (weapon) {vamp, rN+ Int+4 Dex+4}
   (You found it on level 5 of the Dungeon)

   It inflicts no extra harm, but heals its wielder when it wounds a living foe.
   It affects your intelligence (+4).
   It affects your dexterity (+4).
   It protects you from negative energy.
 P - the +9 mace of Defence {pain, rC+ rN+ Stlth+, unknown}
   (You found it on level 7 of the Dungeon)

   In the hands of one skilled in necromantic magic, it inflicts extra damage on
   living creatures.
   It protects you from cold.
   It protects you from negative energy.
   It makes you more stealthy.
Missiles
 d - 5 tomahawks of dispersal
 o - 12 large rocks (quivered)
 r - 7 tomahawks
 v - 78 poisoned needles
Armour
 a - a +0 robe (worn)
 z - a +0 cloak
 G - a +1 cloak (worn)
 M - a +0 shield (worn)
Jewellery
 h - an uncursed ring of flight
 q - an uncursed ring of positive energy
 A - a +3 ring of dexterity
 C - an uncursed ring of magical power
 F - a cursed ring of attention (right claw)
 O - a ring of resist corrosion (left claw)
Wands
 y - a wand of paralysis (8)
 R - a wand of polymorph (6)
Scrolls
 b - 4 scrolls of identify
 l - 2 scrolls of amnesia {unknown}
 s - 4 scrolls of remove curse
 B - 2 scrolls of fear {unknown}
 D - 4 scrolls of enchant weapon {unknown}
 H - a scroll of fog {unknown}
 I - a scroll of enchant armour {unknown}
 L - 3 scrolls of magic mapping {unknown}
 N - 4 scrolls of immolation {unknown}
 S - a scroll of random uselessness {unknown}
Potions
 e - a potion of mutation {unknown}
 g - a potion of berserk rage
 i - a potion of haste {unknown}
 j - 2 potions of curing
 k - a potion of heal wounds {unknown}
 m - 3 potions of invisibility
 n - a potion of cancellation {unknown}
 p - a potion of magic {unknown}
 t - a potion of experience {unknown}
 x - 6 potions of agility
 J - a potion of brilliance {unknown}
 K - 2 potions of might {unknown}
 Q - a potion of ambrosia {unknown}
Comestibles
 f - 24 rations
 T - 3 chunks of flesh


   Skills:
 - Level 3.0 Fighting
 + Level 10.0 Axes
 - Level 2.9 Throwing
 - Level 1.9 Dodging
 * Level 3.8 Shields
 - Level 8.3 Unarmed Combat
 - Level 3.1 Spellcasting
 - Level 4.1 Translocations


You had 9 spell levels left.
You knew the following spells:

 Your Spells              Type           Power        Failure   Level  Hunger
a - Blink                 Tloc           N/A          19%         2    ##.....
b - Shroud of Golubria    Chrm/Tloc      #.........   41%         2    ##.....
c - Conjure Flame         Conj/Fire      #.......     90%         3    ###....

Your spell library contained the following spells:

 Spells                   Type           Power        Failure   Level  Hunger
 Gell's Gravitas          Tloc           ##........   36%         3    ###....
 Lesser Beckoning         Tloc           ##........   36%         3    ###....
 Teleport Other           Tloc           ##......     36%         3    ###....
 Magic Dart               Conj           #...         56%         1    #......
 Call Imp                 Summ           #.......     71%         2    ##.....
 Slow                     Hex            #.......     71%         2    ##.....
 Passage of Golubria      Tloc           N/A          77%         4    #####..
 Mephitic Cloud           Conj/Pois/Air  #.......     90%         3    ###....


Dungeon Overview and Level Annotations

Branches:
Dungeon (9/15)             Temple (1/1) D:4            Lair (0/6) D:9
    Orc: D:9-12

Altars:
Ashenzari
Cheibriados
Dithmenos
Fedhas
Gozag
Hepliaklqana
Kikubaaqudgha
Makhleb
Nemelex Xobeh
Okawaru
Ru
Trog
Uskayaw
Vehumet
Wu Jian
Xom
Yredelemnul
Zin
The Shining One

Annotations:
D:3 exclusion: downstairs


Innate Abilities, Weirdness & Mutations

You are too large for most types of armour.
You have claws for hands.
Your metabolism is lightning-fast.
You like to eat raw meat.
You heal very quickly.
You are covered in fur. (AC +1)
You have extremely tough skin. (AC +3)
You have large cloven feet.
You are agile. (Dex +2)
You can translocate small distances at will.
You are resistant to hostile enchantments. (MR+)
You are robust. (+10% HP)


Message History

* * * LOW HITPOINT WARNING * * *
You feel very sick.
You feel you are being watched by something.
Something hits you but does no damage. x2; Something stings you.
* * * LOW HITPOINT WARNING * * *
You are more poisoned.
Something poisons you!
You completely miss something.
* * * LOW HITPOINT WARNING * * *
You emit a cloud of colourful smoke!
You feel extremely sick. Something hits you but does no damage.
Something completely misses you. Something stings you!
* * * LOW HITPOINT WARNING * * *
Blink to where?
Press: ? - help, Dir - move target cursor You are very lightly contaminated with residual magic.
As you read the scroll of blinking, it crumbles to dust.
You die...
Xom titters!

#.##.#÷#.#.#.## #.#.##.....
#.#.#.#.#.#.#.# #.##..#...(.
#.##.#.#.#.#.####)####..##.##
#####..##.#.#.#.###§§§..###..#.#.
....)...##.#.#.###.{†§...###...).
.........###.####...####..####)##
########.#(....#..###..###.##†)..
#(###...#.##......###)####
########.###.###@....#......#....
.........#...#####......##.#.####
.........#....)#.###..###..##....
.........###.####..####...#######
########........##.......##
#.........##.....##
#..........####### #............
#............


There were no monsters in sight!

Vanquished Creatures
  A two-headed ogre (D:8)
  An ugly thing (D:8)
  A gargoyle (D:8)
  A queen bee (D:8)
  A troll (D:9)
  A raiju (D:9)
  3 hippogriffs (D:8)
  5 yaks
  Menkaure (D:4)
  An orc warrior (D:6)
  3 ice beasts
  The ghost of Curus the Chopper, an amateur HOMo (D:3)
  5 ogres
  A phantom (D:5)
  A boggart (D:9)
  A centaur (D:7)
  A big kobold (D:9)
  5 bullfrogs
  A gnoll sergeant (D:7)
  2 scorpions
  14 killer bees
  2 howler monkeys
  8 crimson imps
  A centaur zombie (D:9)
  A jelly (D:8)
  Crazy Yiuf (D:7)
  3 centaur skeletons
  6 hounds
  6 orc wizards
  2 bullfrog skeletons (D:7)
  3 orc priests
  Ijyb (D:3)
  Natasha (thrice) (D:3)
  4 iguanas
  11 worker ants
  Terence (D:2)
  3 hound skeletons
  Robin (D:2)
  6 gnolls
  17 adders
  A howler monkey skeleton (D:9)
  A shadow imp (D:8)
  2 oozes
  An adder zombie (D:9)
  2 adder skeletons
  3 worms
  A dart slug (D:4)
  4 leopard geckos
  20 orcs
  5 giant cockroaches
  12 goblins
  11 hobgoblins
  9 jackals (D:4)
  7 quokkas
  A ball python (D:2)
  2 ball python skeletons
  6 bats
  3 frilled lizards
  A jackal skeleton (D:8)
  A jackal zombie (D:5)
  13 kobolds
  2 quokka skeletons
  13 rats
252 creatures vanquished.

Vanquished Creatures (collateral kills)
  A two-headed ogre (D:9)
  A shadow imp (D:7)
  An orc (D:6)
3 creatures vanquished.

Vanquished Creatures (others)
  2 kobolds (D:9)
2 creatures vanquished.

Grand Total: 257 creatures vanquished

Notes
Turn   | Place    | Note
-------+----------+-------------------------------------------
     0 | D:1      | Kwakduk the Troll Warper began the quest for the Orb.
     0 | D:1      | Reached XP level 1. HP: 19/19 MP: 1/1
   128 | D:1      | Reached XP level 2. HP: 28/28 MP: 3/3
   133 | D:1      | Learned a level 2 spell: Blink
   677 | D:2      | Reached XP level 3. HP: 35/35 MP: 4/4
   718 | D:2      | Learned a level 2 spell: Shroud of Golubria
   732 | D:2      | Noticed Terence
   742 | D:2      | Killed Terence
   899 | D:2      | Noticed Robin
   910 | D:2      | Reached XP level 4. HP: 42/42 MP: 5/5
   935 | D:2      | Killed Robin
  1443 | D:3      | Noticed an ice beast
  1515 | D:3      | Killed an ice beast
  1515 | D:3      | Reached XP level 5. HP: 25/49 MP: 6/6
  1818 | D:2      | Reached XP level 6. HP: 34/57 MP: 7/7
  1898 | D:3      | Reached skill level 5 in Unarmed Combat
  1975 | D:3      | Found a runed translucent gate.
  1975 | D:3      | Found a runed translucent gate.
  1975 | D:3      | Found a runed translucent gate.
  1975 | D:3      | Noticed Curus's ghost (amateur HOMo)
  1998 | D:3      | Found a bloodstained altar of Trog.
  2118 | D:3      | Noticed Ijyb
  2131 | D:3      | Killed Ijyb
  2161 | D:3      | Found a snail-covered altar of Cheibriados.
  2177 | D:3      | Noticed Natasha
  2190 | D:3      | Killed Natasha
  2330 | D:3      | Noticed Natasha
  2337 | D:3      | Killed Natasha
  2362 | D:3      | Noticed Natasha
  2373 | D:3      | Killed Natasha
  2650 | D:3      | Found an ancient bone altar of Kikubaaqudgha.
  2793 | D:4      | Reached XP level 7. HP: 64/66 MP: 9/9
  2890 | D:4      | Learned a level 3 spell: Conjure Flame
  2917 | D:4      | Reached skill level 1 in Throwing
  2970 | D:4      | Found a staircase to the Ecumenical Temple.
  2984 | Temple   | Entered the Ecumenical Temple
  3195 | D:4      | Found an opulent altar of Gozag.
  3195 | D:4      | Found a glowing silver altar of Zin.
  3280 | D:4      | Noticed Menkaure
  3285 | D:4      | Killed Menkaure
  3619 | D:4      | Found a burning altar of Makhleb.
  3672 | D:5      | Entered Level 5 of the Dungeon
  3689 | D:5      | Reached XP level 8. HP: 32/74 MP: 10/10
  4271 | D:3      | Killed Curus's ghost
  4384 | Temple   | Became a worshipper of Xom of Chaos
  4462 | D:5      | Found an iron altar of Okawaru.
  4495 | D:5      | Found a shadowy altar of Dithmenos.
  4497 | D:5      | XOM: silly message
  4597 | D:5      | Found a sacrificial altar of Ru.
  4606 | D:5      | XOM: divination: detect creatures
  4616 | D:5      | XOM: potion effect (brilliance)
  4622 | D:5      | XOM: cast spell 'Summon Butterflies'
  4693 | D:4      | XOM: cloud trail
  4796 | D:5      | XOM: medium Conj miscast
  4816 | D:5      | XOM: potion effect (might)
  4883 | D:5      | Got a warped war axe
  4884 | D:5      | Identified the +10 war axe "Icratar" {vamp, rN+ Int+4
                  | Dex+4} (You found it on level 5 of the Dungeon)
  4885 | D:5      | XOM is BORED!
  4885 | D:5      | XOM: medium Air miscast
  5076 | D:6      | Reached skill level 1 in Axes
  5146 | D:6      | Reached skill level 2 in Axes
  5228 | D:6      | Found a hazy altar of Hepliaklqana.
  5234 | D:6      | Reached XP level 9. HP: 70/81 MP: 12/12
  5587 | D:6      | HP: 4/81 [yak (4)]
  5606 | D:6      | Reached skill level 3 in Axes
  5713 | D:6      | XOM: repel stairs
  5714 | D:6      | XOM: enchant monster (good)
  5716 | D:6      | Reached skill level 4 in Axes
  5725 | D:6      | XOM: scenery: create altars
  5880 | D:7      | XOM: cloud trail
  5894 | D:7      | Reached skill level 5 in Axes
  5973 | D:7      | XOM: give mutations
  5973 | D:7      | Gained mutation: You have large cloven feet. [Xom's grace]
  5973 | D:7      | Gained mutation: You are agile. (Dex +2) [Xom's grace]
  6011 | D:7      | Found a bloodstained altar of Trog.
  6012 | D:7      | XOM: summons friendly quasit
  6087 | D:7      | Found a runed translucent door.
  6088 | D:7      | Noticed Crazy Yiuf
  6205 | D:7      | Reached skill level 6 in Axes
  6385 | D:7      | Killed Crazy Yiuf
  6392 | D:7      | Got a crude mace
  6489 | D:8      | HP: 3/81 [hippogriff (7)]
  6494 | D:8      | Reached skill level 7 in Axes
  6596 | D:8      | Noticed a two-headed ogre
  6597 | D:8      | XOM: divination: detect items
  6599 | D:8      | Noticed a red ugly thing
  6601 | D:8      | XOM: potion effect (invisibility)
  6605 | D:8      | Killed a two-headed ogre
  6605 | D:8      | Reached XP level 10. HP: 80/91 MP: 13/13
  6613 | D:8      | Killed a purple ugly thing
  6613 | D:8      | Reached skill level 8 in Axes
  6648 | D:8      | XOM: mild Conj miscast
  6735 | D:8      | Noticed a gargoyle
  6744 | D:8      | Killed a gargoyle
  6744 | D:8      | Reached skill level 1 in Shields
  6827 | D:8      | XOM: 1-stop teleportation journey
  6871 | D:8      | XOM: cleaving
  6884 | D:8      | XOM: 3-stop teleportation journey
  6920 | D:8      | XOM: confuse monster(s)
  6925 | D:8      | Reached skill level 9 in Axes
  6977 | D:8      | XOM: enchant monster (good)
  7431 | D:8      | XOM: silly message
  7524 | D:8      | XOM: summons 2 hostile shadow creatures
  7525 | D:8      | Noticed a two-headed ogre
  7593 | D:8      | XOM: give mutations
  7593 | D:8      | Gained mutation: You are robust. (+10% HP) [Xom's grace]
  7593 | D:8      | Gained mutation: You can translocate small distances at
                  | will. [Xom's grace]
  7593 | D:8      | Gained mutation: You are resistant to hostile enchantments.
                  | (MR+) [Xom's grace]
  7593 | D:8      | Gained mutation: You heal very quickly. [Xom's grace]
  7832 | D:8      | XOM: harmless Conj miscast
  7917 | D:9      | Found a staircase to the Lair.
  7965 | D:9      | Found a basalt altar of Yredelemnul.
  8025 | D:9      | XOM: harmless Air miscast
  8061 | D:9      | Noticed a two-headed ogre
  8069 | D:9      | XOM: summons 6 friendly demons
  8070 | D:9      | Killed a two-headed ogre
  8121 | D:9      | XOM: polymorph hippogriff -> raiju
  8125 | D:9      | Reached XP level 11. HP: 71/106 MP: 14/14
  8193 | D:9      | Noticed a fire dragon
  8197 | D:9      | a fire dragon changed into something unseen
  8197 | D:9      | XOM: polymorph fire dragon -> something unseen
  8199 | D:9      | XOM: silly message
  8203 | D:9      | Reached skill level 10 in Axes
  8204 | D:9      | XOM: smoke on damage
  8204 | D:9      | HP: 5/106 [something (7)]
  8205 | D:9      | Succumbed to a ghost moth's poison

Skill      XL: |  1  2  3  4  5  6  7  8  9 10 11 |
---------------+----------------------------------+-----
Fighting       | 2 3 |  3.0
Unarmed Combat | 3 4 6 7 8 |  8.3
Translocations | 3 4 |  4.1
Spellcasting   | 2 3 |  3.1
Throwing       | 1 2 |  2.9
Axes           | 2 7 9 10 | 10.0
Shields        | 3 |  3.8
Dodging        | |  1.9

Action                   |  1- 3 |  4- 6 |  7- 9 | 10-12 || total
-------------------------+-------+-------+-------+-------++-------
Melee: Unarmed           |    75 |   227 |   202 |       ||   504
       Punch             |     1 |     3 |     2 |       ||     6
       War axe           |       |       |   145 |   164 ||   309
       Kick              |       |       |    20 |    54 ||    74
Throw: Large rock        |       |     1 |     2 |       ||     3
Evoke: Wand              |       |       |     2 |       ||     2
  Use: Scroll            |       |       |     6 |     1 ||     7
       Potion            |       |       |     3 |       ||     3
 Stab: Paralysed         |       |       |     4 |       ||     4
       Invisible         |       |       |     1 |       ||     1
       Confused          |       |       |       |     1 ||     1
  Eat: Chunk             |    14 |    15 |    43 |    15 ||    87
Armor: Robe              |    22 |    72 |   134 |    62 ||   290
Dodge: Dodged            |    36 |   127 |   179 |    61 ||   403
Block: Shield            |       |       |    50 |    81 ||   131
